 Dungeon Sprint DCSS version 0.30-a0-799-g109b55a442 (webtiles) character file.

Game seed: 206550517047484951

579 BigDaddyOpFi the Octopoid Catastrophe (level 7, -2/54 HPs)
             Began as an Octopode Fighter on Feb 20, 2023.
             Was an Elder of Qazlal.
             Slain by a shadow wraith (23 damage)
             ... in the Dungeon (Sprint VII: "The Pits").
             The game lasted 00:01:07 (642 turns).

BigDaddyOpFi the Octopoid Catastrophe (OpFi)         Turns: 642, Time: 00:01:08

Health: -2/54      AC:  1    Str: 17    XL:     7   Next: 36%
Magic:  13/13      EV: 15    Int: 11    God:    Qazlal [****..]
Gold:   0          SH: 10    Dex: 11    Spells: 6/6 levels left

rFire   . . .      SeeInvis .    a - +0 war axe
rCold   . . .      Faith    .    b - +0 buckler
rNeg    . . .      Spirit   .    (helmet restricted)
rPois   .          Reflect  .    (no amulet)
rElec   .          Harm     .    (no ring)
rCorr   .          Rampage  .    (no ring)
Will    .....      NoTele   +    (no ring)
Stlth   +                        (no ring)
HPRegen 0.29/turn                (no ring)
MPRegen 0.13/turn                (no ring)
                                 (no ring)
                                 (no ring)

@: slowed, repel missiles, very slow
A: almost no armour, amphibious, 8 rings, camouflage 1, gelatinous body 1,
(nimble swimmer 1), tentacles
a: Renounce Religion, Upheaval, Elemental Force


You were in the Dungeon.
You worshipped Qazlal.
Qazlal was greatly pleased with you.
You visited 1 branch

Inventory:

Hand Weapons
 a - a +0 war axe (weapon)
Armour
 b - a +0 buckler (worn)
Scrolls
 i - a scroll of blinking
Potions
 c - 3 potions of heal wounds
 d - 6 potions of curing
 f - a potion of haste
 g - 4 potions of magic
 h - 2 potions of berserk rage
 j - 2 potions of invisibility


   Skills:
 + Level 7.3 Fighting
 + Level 7.0 Axes
 + Level 7.4 Dodging
 + Level 7.4 Shields
 * Level 8.1 Invocations


You had 6 spell levels left.
You didn't know any spells.
Your spell library was empty.

Dungeon Overview and Level Annotations

Branches:
Dungeon (1/1)

Altars:
Ashenzari
Cheibriados
Dithmenos
Elyvilon
Fedhas
Gozag
Hepliaklqana
Kikubaaqudgha
Makhleb
Nemelex Xobeh
Okawaru
Qazlal
Ru
Sif Muna
Trog
Uskayaw
Vehumet
Wu Jian
Xom
Yredelemnul
Zin
The Shining One
Jiyva
Lugonu


Innate Abilities, Weirdness & Mutations

You cannot wear most types of armour.
You are amphibious.
You can wear up to eight rings at the same time.
Your skin changes colour to match your surroundings (Stealth+).
Your rubbery body absorbs attacks. (AC +1, EV +1)
((You are camouflaged when in or above water. (Stealth+)))
You have tentacles for arms and can constrict up to eight enemies at once.


Message History

Your Fighting skill increases to level 7!
Your Dodging skill increases to level 7!
Your Shields skill increases to level 7!
Your Invocations skill increases to level 7!
You have reached level 7!
There is an open door here.
You start resting.
Magic restored.
You start resting.
HP restored.
You start waiting.
Done waiting.
As you open the door, it creaks loudly!
A water moccasin comes into view.
The water moccasin hisses angrily.
You slash the water moccasin! You grab the water moccasin.
You squeeze the water moccasin!
The water moccasin is heavily wounded.
You constrict the water moccasin.
You block the water moccasin's attack. x2
You slash the water moccasin!
You kill the water moccasin!
Qazlal accepts your kill.
Your Axes skill increases to level 7!
Your Invocations skill increases to level 8!
There is an open door, spattered with blood here.
You see here a water moccasin corpse.
You start resting.
Magic restored.
You open the door.
You hear a chilling moan.
Deactivating autopickup; reactivate with Ctrl-A.
You hit something but do no damage.
Your tentacle-slap misses something.
Your squeeze misses something. Something hits you!!
Something drains your vigour!
You feel yourself slow down.
You barely miss something. Something hits you. Something barely misses you.
You miss something.
Your tentacle-slap misses something.
Something hits you! Something barely misses you.
You hit something but do no damage. Your squeeze misses something.
Something hits you. Something hits you!!
You die...

#.#........##.......#
#'###########.......#
#.......# #########
#...#...# #...#...#
#.##.##.#+#
#...#...#.+
#...#..°#{#
#.......†@#
###########


There were no monsters in sight!

Vanquished Creatures
  2 water moccasins (D)
  A black bear (D)
  A centaur (D)
  A phantom (D)
  A scorpion (D)
  An iron imp (D)
  A gnoll (D)
  An adder (D)
  An adder skeleton (D)
  A ball python (D)
  2 endoplasms (D)
  A goblin (D)
  2 frilled lizards (D)
16 creatures vanquished.

Notes
Turn   | Place    | Note
-------+----------+-------------------------------------------
     0 | D        | BigDaddyOpFi the Octopode Fighter began the quest for the
                  | Orb.
     0 | D        | Reached XP level 1. HP: 16/16 MP: 1/1
    13 | D        | Reached XP level 2. HP: 21/21 MP: 2/2
    16 | D        | Found a bloodstained altar of Trog.
    16 | D        | Found a shimmering blue altar of Sif Muna.
    16 | D        | Found a viscous altar of Jiyva.
    16 | D        | Found a hazy altar of Hepliaklqana.
    16 | D        | Found an opulent altar of Gozag.
    17 | D        | Found a glowing golden altar of the Shining One.
    17 | D        | Found a glowing silver altar of Zin.
    17 | D        | Found a basalt altar of Yredelemnul.
    17 | D        | Found a shimmering altar of Xom.
    17 | D        | Found an ornate altar of the Wu Jian Council.
    17 | D        | Found a sacrificial altar of Ru.
    17 | D        | Found a stormy altar of Qazlal.
    17 | D        | Found an iron altar of Okawaru.
    17 | D        | Found a sparkling altar of Nemelex Xobeh.
    17 | D        | Found a burning altar of Makhleb.
    17 | D        | Found a blossoming altar of Fedhas.
    17 | D        | Found a white marble altar of Elyvilon.
    17 | D        | Found a shadowy altar of Dithmenos.
    17 | D        | Found a snail-covered altar of Cheibriados.
    18 | D        | Found a radiant altar of Vehumet.
    18 | D        | Found a corrupted altar of Lugonu.
    19 | D        | Found an ancient bone altar of Kikubaaqudgha.
    19 | D        | Found a hide-covered altar of Uskayaw.
    19 | D        | Found a broken altar of Ashenzari.
    22 | D        | Became a worshipper of Qazlal Stormbringer
    59 | D        | Noticed a scorpion
    60 | D        | Reached * piety under Qazlal
    61 | D        | Reached XP level 3. HP: 26/27 MP: 3/3
    62 | D        | Killed a scorpion
    63 | D        | Reached skill level 5 in Fighting
    63 | D        | Reached skill level 5 in Dodging
    63 | D        | Reached skill level 5 in Shields
    63 | D        | Reached XP level 4. HP: 26/35 MP: 4/4
    69 | D        | Reached ** piety under Qazlal
   395 | D        | Noticed a centaur
   395 | D        | Noticed a water moccasin
   395 | D        | Noticed a phantom
   396 | D        | Noticed a black bear
   405 | D        | Killed a water moccasin
   406 | D        | Reached skill level 5 in Axes
   406 | D        | Reached skill level 4 in Invocations
   406 | D        | Reached XP level 5. HP: 33/41 MP: 4/8
   408 | D        | Killed a centaur
   408 | D        | Reached *** piety under Qazlal
   409 | D        | Reached skill level 5 in Invocations
   409 | D        | Reached XP level 6. HP: 32/47 MP: 4/10
   431 | D        | Reached skill level 6 in Invocations
   437 | D        | Killed a black bear
   437 | D        | Reached **** piety under Qazlal
   438 | D        | Reached skill level 7 in Invocations
   438 | D        | Reached XP level 7. HP: 30/54 MP: 9/12
   630 | D        | Reached skill level 8 in Invocations
   642 | D        | Slain by a shadow wraith

Illustrated notes

Levels and vault maps discovered:
D:        pitsprint [storerooms_1, entrance_room_1, metal_vault_6, armoury_2,
          mini_pit_1, grid_room_1, main_hall_1, silver_pit, the_coven_2,
          the_vestibule_1, steel_vault_5, golden_pit, hallway_of_sentries,
          crystal_vault_4, iron_vault_1, final_vault]

Skill      XL: |  1  2  3  4  5  6  7 |
---------------+----------------------+-----
Axes           | 3 4 5 6 7 |  7.0
Fighting       | 4 5 6 7 |  7.3
Dodging        | 4 5 6 7 |  7.4
Shields        | 4 5 6 7 |  7.4
Invocations    | 4 5 7 8 |  8.1

Action                     |  1- 3 |  4- 6 |  7- 9 || total
---------------------------+-------+-------+-------++-------
  Melee: War axe           |     8 |    39 |     6 ||    53
         Constrict         |     2 |     3 |     1 ||     6
         Tentacles         |     1 |     6 |     1 ||     8
    Use: Potion            |     2 |     3 |       ||     5
   Stab: Sleeping          |     2 |       |       ||     2
 Armour: Skin              |     1 |     2 |       ||     3
  Dodge: Dodged            |     3 |    23 |     2 ||    28
  Block: Buckler           |     4 |    14 |     2 ||    20

Table legend: (Time is in decaauts)
 A = Elapsed time spent in this place.
 B = Non-inter-level travel time spent in this place.
 C = Inter-level travel time spent in this place.
 D = Time resting spent in this place.
 E = Time spent auto-exploring this place.
 F = Levels seen in this place.
 G = Mean time per level.
                   A        B        C        D        E       F      G
               +--------+--------+--------+--------+--------+-----+--------+
         Total |    662 |    642 |     20 |    457 |      0 |   1 |  662.0 |
       Dungeon |    662 |    642 |     20 |    457 |      0 |   1 |  662.0 |
               +--------+--------+--------+--------+--------+-----+--------+

Top non-repeatable levels by time:
       D: 662 daAuts
